AoeStats
← OmarGutieG

Oasis

508950268Analyzed
2v2 RM · 6d ago on Sep 24, 2026· 60m 2s· 4 players
Game mode
Random Map
Map size
Medium (4 player)
Population
200
Speed
Normal
Resources
Standard
Victory
Conquest
Starting age
Dark Age
Ending age
Imperial Age
RankedLock teamsTeams togetherTeam positionsShared explorationLock speedFull tech treeHidden civsTurbo modeCheats
Victory
Defeat
🇲🇽 Magyars · Mexico
1329
+16
🇲🇽 Vietnamese · Mexico
1316
+16
🇬🇧 Saxons · United Kingdom
1357
-18
🇬🇧 Spanish · United Kingdom
1282
-14
Dr Ambition
6:36 Loom
9:10 Feudal Age
9:53 Double-Bit Axe
9:53 Horse Collar
12:12 Man-at-Arms
18:00 Wheelbarrow
18:00 Fletching
20:04 Padded Archer Armor
23:10 Castle Age
21:23 Gold Mining
22:27 Town Watch
22:51 Scale Barding Armor
23:03 Scale Mail Armor
24:32 Squires
24:46 Elite Skirmisher
25:23 Bodkin Arrow
26:17 Leather Archer Armor
27:14 Pikeman
28:03 Arson
33:07 Ballistics
33:25 Forging
36:33 Bloodlines
39:15 Thumb Ring
42:59 Imperial Age
40:47 Heavy Plow
41:58 Masonry
43:01 Chain Mail Armor
44:30 Conscription
46:08 Chemistry
46:01 Ring Archer Armor
46:10 Bow Saw
45:47 Cranequins
46:44 Husbandry
49:12 Two-Man Saw
48:25 Bracer
49:41 Architecture
50:34 Hoardings
50:48 Halberdier
52:01 Plate Mail Armor
52:08 Iron Casting
55:44 Treadmill Crane
56:46 Shield Wall
57:13 Light Cavalry
58:18 Chain Barding Armor
58:18 Hussar
TomD_B
3:23 Loom
9:52 Feudal Age
10:32 Double-Bit Axe
19:47 Castle Age
17:56 Horse Collar
19:58 Fletching
21:00 Bow Saw
24:18 Pikeman
25:24 Bodkin Arrow
26:00 Heavy Plow
26:22 Squires
29:16 Wheelbarrow
31:51 Forging
32:53 Padded Archer Armor
35:40 Ballistics
38:22 Hand Cart
41:55 Husbandry
43:34 Thumb Ring
47:01 Imperial Age
46:30 Bloodlines
48:13 Conscription
49:40 Two-Man Saw
53:56 Chemistry
53:07 Masonry
53:07 Halberdier
56:57 Murder Holes
58:00 Elite Skirmisher
armigame1
6:18 Loom
9:15 Feudal Age
19:37 Castle Age
20:59 Bloodlines
20:46 Gold Mining
23:48 Gold Shaft Mining
23:51 Double-Bit Axe
24:15 Scale Barding Armor
24:28 Husbandry
25:19 Chain Barding Armor
26:02 Horse Collar
27:52 Wheelbarrow
38:12 Imperial Age
39:35 Fletching
39:46 Padded Archer Armor
40:21 Plate Barding Armor
41:46 Chemistry
41:27 Conscription
41:13 Bodkin Arrow
42:03 Bow Saw
42:01 Heavy Plow
42:26 Leather Archer Armor
42:50 Cavalier
45:13 Hand Cart
45:27 Bracer
45:00 Light Cavalry
45:51 Town Watch
47:34 Two-Man Saw
46:38 Corvinian Army
48:17 Ballistics
48:17 Heavy Cavalry Archer
49:26 Town Patrol
50:04 Parthian Tactics
49:43 Recurve Bow
50:22 Hussar
52:16 Elite Magyar Huszar
58:12 Hoardings
58:12 Thumb Ring
59:29 Paladin
OmarGutieG
7:25 Loom
9:28 Feudal Age
13:30 Fletching
15:39 Padded Archer Armor
20:44 Wheelbarrow
22:54 Castle Age
23:44 Horse Collar
24:10 Bodkin Arrow
24:31 Crossbowman
27:35 Hand Cart
28:55 Light Cavalry
31:38 Scale Barding Armor
31:43 Forging
32:43 Bloodlines
33:23 Heavy Plow
35:21 Thumb Ring
37:12 Town Watch
40:20 Imperial Age
37:56 Stone Mining
38:55 Town Patrol
40:27 Arbalester
43:15 Paper Money
45:06 Chemistry
43:51 Elite Battle Elephant
44:38 Chatras
45:12 Gold Mining
45:58 Stone Shaft Mining
45:48 Devotion
46:17 Husbandry
46:42 Chain Barding Armor
46:57 Iron Casting
48:11 Crop Rotation
48:04 Double-Bit Axe
49:16 Plate Barding Armor
51:08 Elite Skirmisher
52:12 Imperial Skirmisher
54:10 Ballistics
54:36 Bracer
54:51 Leather Archer Armor
Connection lost

Rejoining the realm…

Still unreachable

The connection could not be restored.

Session expired

The server has moved on; the page needs a fresh start.